FIQ, chaotic male vampiric Wizard --------- -------------------------------- |........# |..............................| |.......|### |.------- -------------..-----.| |....<..| # |.|....| | +..+ |%| |....)..| ##### |.|... .| |..| |.| --------- # ###|.--|------ .| ------|..| |.| ##########...%)..|..| .. |..|..|.-----|.| ### |.----.|..|-|-- |. |..|.|...@|.+ |.|..-.--|-..{..-|--..|.|.._.|.| |.|..|.............--|-@|..(.|.| |(|----|--.---- --.%%n.f@....|.| |%| ...|.+ --|---------|.| |.| |]((|.| ... |#.|%%.-.| |)| |(((|.---- |....|..|%!.|.| |.-- -----..{.----------|-----.| |..........%...................| -------------------------------- FIQ the Thaumaturge Experience level: 8 Strength: 13 Dexterity: 10 Constitution: 13 Intelligence: 16 Wisdom: 12 Charisma: 12 Health: 0(69) Energy: 93(98) AC: 4 Gold: 112 Moves: 3004 Your Inventory: Coins $ - 112 gold pieces Amulets G - an uncursed lunate amulet [of unchanging] Weapons a - 4 uncursed [+0] daggers (wielded) J - a blessed +1 quarterstaff (alternate weapon; not wielded) Armor b - an uncursed +0 cloak of magic resistance (being worn) u - an [uncursed] +0 elven mithril-coat (being worn) Scrolls i - a blessed scroll of remove curse j - 3 uncursed scrolls of light o - an uncursed scroll of remove curse s - an uncursed scroll labeled MAPIRO MAHAMA DIROMAT [of create monster] v - a blessed scroll labeled GNIK SISI VLE [of teleportation] w - an uncursed scroll labeled PHOL ENDE WODAN [of earth] x - an uncursed scroll labeled VELOX NEB [of identify] Potions f - a blessed potion of oil g - an uncursed potion of booze h - an uncursed potion of sleeping K - a cursed clear potion [of unholy water] L - an uncursed white potion [of extra healing] Rings d - an uncursed +1 ring of gain constitution e - an uncursed ring of sustain ability r - an uncursed ring of sustain ability Wands c - an uncursed wand of polymorph (0:4) Tools t - an uncursed towel Spells known in the end: Name Level Category Fail Memory a - force bolt 1 attack 47% [|||||||.] b - remove curse 3 clerical 100% [|||||||.] c - cone of cold 4 attack 99% [|||||||.] d - haste self 3 escape 100% [||||||||] e - healing 1 healing 47% [||||||||] f - stone to flesh 3 healing 100% [||||||||] Your skills at the end: Fighting Skills Weapon Skills quarterstaff [Basic / Expert] Spellcasting Skills attack spells [Basic / Expert] enchantment spells [Basic / Skilled] Final Attributes: You were piously aligned. Hunger level was 314. Your alignment was 24 / 25. Monster difficulty range was 0 - 6. Level difficulty was 5. You were immune to level-drain. You were magic-protected. You could fly. You could survive without air. You regenerated. Your luck was zero. You are dead. Vanquished creatures: a small mimic 7 soldier ants an orc shaman an enormous rat a rock mole a shrieker a gnome lord a gnomish wizard a black naga hatchling a gray ooze 2 elf zombies 3 giant ants a little dog a floating eye 2 kittens 3 dwarves 2 rothes a giant bat 6 monkeys 7 orc zombies a wererat a werejackal 2 acid blobs a gas spore a hobbit a cave spider a yellow mold 14 gnomes 6 garter snakes 2 geckos 7 jackals a fox a goblin a sewer rat a grid bug a bat a lichen 3 kobold zombies 4 newts 94 creatures vanquished. Voluntary challenges: You used a wielded weapon 102 times. You read items or engraved 18 times. You put on armor 5 times. You never genocided any monsters. You never polymorphed an object. You never changed form. You used no wishes. You wrote Elbereth's name 9 times. You never encountered a bones level. You never used any Sokoban shortcuts. Dungeon overview: The Dungeons of Doom: levels 1 to 5 Level 1 an altar a long staircase Level 2 stairs to The Gnomish Mines Level 3 a potion shop, a fountain Level 5 many fountains The Gnomish Mines: levels 3 to 5 Level 3 stairs to The Dungeons of Doom Level 5 <- You were here some shops, a temple, a magic chest, some fountains, a sink History has recorded: On T:1 you entered the Dungeons of Doom to retrieve the Amulet of Yendor! On T:338 you reached level 2 of The Dungeons of Doom. On T:519 you advanced to experience level 2. On T:630 you reached level 3 of The Dungeons of Doom. On T:670 you advanced to experience level 3. On T:719 you advanced to experience level 4. On T:794 you advanced to experience level 5. On T:1059 you reached level 4 of The Dungeons of Doom. On T:1412 you advanced to experience level 6. On T:1480 you reached level 5 of The Dungeons of Doom. On T:2036 you advanced to experience level 7. On T:2141 you reached level 1 of The Gnomish Mines. On T:2617 you reached level 2 of The Gnomish Mines. On T:2875 you advanced to experience level 8. Latest messages: You miss the jaguar. The jaguar hits! (2x) The jaguar misses. [HP-6=39] You miss the jaguar. You bite the jaguar. The jaguar hits! (2x) The jaguar bites! [HP-9=30] The spell hits the jaguar! The spell hits the wood nymph. The jaguar hits! (2x) The jaguar bites! [HP-10=20] You scrawl "Elbereth" with your fingers onto the floor. The jaguar hits! (2x) The jaguar bites! The jaguar hits! (2x) The jaguar bites! You die... Final status: Goodbye FIQ the Wizard... You died in The Gnomish Mines on dungeon level 5 with 3685 points, and 112 pieces of gold, after 3004 moves. You were level 8 with a maximum of 69 hit points when you died.